 Dungeon Crawl Stone Soup version 0.29.0-11-gd7f09526c8 (webtiles) character file.

Game seed: 7884433445015453808

60 xian the Sneak (level 3, 0/29 HPs)
             Began as a Demonspawn Delver on Sept 7, 2022.
             Slain by a gnoll
             ... wielding a +0 flail
              (7 damage)
             ... on level 3 of the Dungeon.
             The game lasted 00:02:46 (1134 turns).

xian the Sneak (Demonspawn Delver)                  Turns: 1134, Time: 00:02:47

Health: 0/29       AC:  3    Str: 14    XL:     3   Next: 80%
Magic:  3/3        EV: 12    Int: 11    God:
Gold:   62         SH:  0    Dex: 14    Spells: 2/2 levels left

rFire   . . .      SeeInvis .   a - +0 hand axe
rCold   . . .      Faith    .   (no shield)
rNeg    . . .      Spirit   .   b - +0 leather armour
rPois   .          Reflect  .   (helmet restricted)
rElec   .          Harm     .   (no cloak)
rCorr   .          Rampage  .   (no gloves)
Will    .....                   (no boots)
Stlth   +++.......              (no amulet)
HPRegen 0.09/turn               (no ring)
MPRegen 0.16/turn               (no ring)

@: no status effects
A: horns 1, magic regeneration
a: no special abilities


You were on level 3 of the Dungeon.
You visited 1 branch of the dungeon, and saw 3 of its levels.

You collected 62 gold pieces.

Inventory:

Hand Weapons
 a - a +0 hand axe (weapon)
Missiles
 j - 3 boomerangs (quivered)
Armour
 b - a +0 leather armour (worn)
Wands
 g - a wand of digging (3)
Scrolls
 c - a scroll of fog
 d - a scroll of magic mapping
 e - a scroll of identify {unknown}
 i - a scroll of fear
 k - a scroll of enchant weapon {unknown}
 l - a scroll of blinking {unknown}
Potions
 f - 2 potions of curing {unknown}
 h - a potion of resistance {unknown}


   Skills:
 + Level 3.3 Fighting
 + Level 2.5 Axes
 + Level 0.7 Armour
 + Level 2.0 Dodging
 + Level 5.0 Stealth


You had 2 spell levels left.
You didn't know any spells.
Your spell library was empty.

Dungeon Overview and Level Annotations

Branches:
Dungeon (5/15)
 Temple: D:4-7

Altars:


Innate Abilities, Weirdness & Mutations

You have a pair of small horns on your head.
You regenerate magic rapidly.


Message History

You throw a boomerang.
The boomerang hits the gnoll but does no damage.
The gnoll is lightly wounded.
The gnoll barely misses you. The gnoll hits you with a +0 whip.
You throw a boomerang. The boomerang hits the gnoll.
The gnoll is heavily wounded.
The gnoll closely misses you. The gnoll attacks as you move away!
The gnoll hits you with a +0 whip.
You barely miss the gnoll.
The gnoll is heavily wounded.
The gnoll misses you.
You barely miss the gnoll. You headbutt the gnoll.
The gnoll is severely wounded.
The gnoll hits you with a +0 flail. The gnoll hits you with a +0 whip.
You barely miss the gnoll.
The gnoll is severely wounded.
You hit the gnoll but do no damage. The gnoll hits you with a +0 flail!
* * * LOW HITPOINT WARNING * * *
The gnoll closely misses you. x3
You hit the gnoll.
The gnoll is severely wounded.
You hit the gnoll. The gnoll hits you with a +0 flail.
* * * LOW HITPOINT WARNING * * *
The gnoll hits you but does no damage.
As you read the scroll of fear, it crumbles to dust.
You assume a fearsome visage.
The gnoll looks frightened! x2
Unknown command.
Things that are here:
a +0 club; a +0 robe
Things that are here:
a +0 club; a +0 robe The gnoll attacks as you move away!
The gnoll closely misses you.
The gnoll seems to regain its courage.
The gnoll closely misses you. The gnoll attacks as you move away!
The gnoll closely misses you. The gnoll attacks as you move away!
The gnoll closely misses you. The gnoll attacks as you move away!
The gnoll closely misses you. The gnoll attacks as you move away!
The gnoll barely misses you. The gnoll attacks as you move away!
The gnoll hits you with a +0 flail!
You die...

#.# ##.## #.# #.# #.#
#.# #.# #+# #####.#
#...#.## #....#.#
#......####
##@.......+
#g#...#### #.##.## .
#.#### ..# #..#
######...# ##.#
#.).g.g.## #.#
#g#####..## #.#
#.#####....
#####.#####.#......#.


You could see a gnoll.

Vanquished Creatures
  Jessica (D:3)
  A gnoll (D:3)
  An adder (D:4)
  A dart slug (D:4)
  An orc (D:3)
  A ball python (D:4)
  4 endoplasms
  2 goblins
  A hobgoblin (D:4)
13 creatures vanquished.

Notes
Turn   | Place    | Note
-------+----------+-------------------------------------------
     0 | D:5      | xian the Demonspawn Delver began the quest for the Orb.
     0 | D:5      | Reached XP level 1. HP: 18/18 MP: 1/1
   401 | D:4      | Discovered your monstrous ancestry.
   401 | D:4      | Gained mutation: You have a pair of small horns on your
                  | head. [demonic ancestry]
   401 | D:4      | Reached XP level 2. HP: 7/24 MP: 2/2
  1048 | D:3      | Noticed Jessica
  1057 | D:3      | Killed Jessica
  1058 | D:3      | Reached skill level 5 in Stealth
  1058 | D:3      | Gained mutation: You regenerate magic rapidly. [demonic
                  | ancestry]
  1058 | D:3      | Reached XP level 3. HP: 27/29 MP: 3/3
  1134 | D:3      | Slain by a gnoll

Illustrated notes

Levels and vault maps discovered:
D:3:      layout_loops_corners, uniq_jessica
D:4:      layout_basic, mainiacjoe_overflow_alcove_2, uniq_crazy_yiuf_cottage
D:5:      cheibrodos_quashed, layout_basic, kennysheep_generic_room_4

Skill      XL: |  1  2 |
---------------+-------+-----
Dodging        | 2 |  2.0
Axes           | 2 |  2.5
Stealth        | 5 |  5.0
Fighting       | |  3.3
Armour         | |  0.7

Action                   || total
-------------------------++-------
Melee: Hand axe          ||    45
       Headbutt          ||     6
Throw: Boomerang         ||     8
  Use: Scroll            ||     2
       Potion            ||     1
 Stab: Sleeping          ||     1
Armor: Leather armour    ||     9
Dodge: Dodged            ||    34
